[ AOE2 MATCH · #488021017 ]
Team RMChinese vs Japanese
[ REPLAY ANALYSIS · EXTRACTED FROM THE RECORDED GAME ]
Feudal
13:17
Castle
25:52
Imperial
43:35
| APM avg | 23.1 |
| APM peak | 74 |
| eAPM avg | 18.6 |
| Villagers / military | 127 / 249 |
Focus
⚔️ 48.9% · 🌾 51.1%
Chu Ko Nu ×100 · Scout Cavalry ×71 · Skirmisher ×33 · Iron Pagoda ×14 · Knight ×14 · Archer ×10
Feudal
11:43
Castle
20:22
Imperial
34:30
| APM avg | 15.8 |
| APM peak | 65 |
| eAPM avg | 12.1 |
| Villagers / military | 99 / 272 |
Focus
⚔️ 46.9% · 🌾 53.1%
Cataphract ×154 · Skirmisher ×90 · Trade Cart ×40 · Bombard Cannon ×15 · Spearman ×9 · Monk ×2
Feudal
12:18
Castle
27:52
Imperial
37:58
| APM avg | 8.2 |
| APM peak | 37 |
| eAPM avg | 6.8 |
| Villagers / military | 65 / 145 |
Focus
⚔️ 50.7% · 🌾 49.3%
Archer ×51 · Cataphract ×38 · Skirmisher ×30 · Spearman ×19 · Bombard Cannon ×4 · Trade Cart ×2
Feudal
14:53
Castle
23:07
Imperial
41:07
| APM avg | 10.5 |
| APM peak | 29 |
| eAPM avg | 8.3 |
| Villagers / military | 108 / 276 |
Focus
⚔️ 44.4% · 🌾 55.6%
Militia ×84 · Skirmisher ×58 · Samurai ×52 · Archer ×50 · Spearman ×10 · Knight ×10
Match map
Initial resources + every placement click. Lines = walls · curves = elevation contours. ◆ gold · ⬟ stone · ● berries · ✦ relic · ◌ wall gap
Your base· ✓ Closed at 25:52 · 80t walls · 1 gate(s)
WinterVison's base· ✓ Closed at 20:22 · 10t walls · fragile
Nalim99892613's base· ✓ Closed at 27:52 · 28t walls · 2 gate(s)
DAMN's base· Open — opponent sealed themselves in
Smoothed initial terrain · ◌ = detected wall gap · hover for details
Inputs per minute
— JulesMan1706 - - WinterVison
Build order — JulesMan1706
First 150 of 561 actions detected
| 0:08 | Research | Loom |
| 0:59 | Build | Palisade Wall |
| 1:34 | Create | Villager (Male) |
| 1:35 | Create | Villager (Male) |
| 1:35 | Create | Villager (Male) |
| 2:28 | Build | Palisade Wall |
| 2:40 | Create | Villager (Male) |
| 2:40 | Create | Villager (Male) |
| 3:17 | Create | Villager (Male) |
| 3:17 | Create | Villager (Male) |
| 3:53 | Build | Mill |
| 4:13 | Create | Villager (Male) |
| 4:13 | Create | Villager (Male) |
| 4:13 | Create | Villager (Male) |
| 4:13 | Create | Villager (Male) |
| 5:39 | Build | Palisade Wall |
| 6:21 | Create | Villager (Male) |
| 6:21 | Create | Villager (Male) |
| 6:21 | Create | Villager (Male) |
| 6:21 | Create | Villager (Male) |
| 6:22 | Create | Villager (Male) |
| 6:29 | Build | House |
| 6:30 | Build | House |
| 7:37 | Create | Villager (Male) |
| 7:37 | Create | Villager (Male) |
| 7:38 | Create | Villager (Male) |
| 8:39 | Build | Lumber Camp |
| 8:43 | Create | Villager (Male) |
| 9:23 | Create | Villager (Male) |
| 9:23 | Create | Villager (Male) |
| 9:49 | Build | Palisade Wall |
| 10:05 | Build | Palisade Wall |
| 10:17 | Create | Villager (Male) |
| 10:17 | Create | Villager (Male) |
| 11:02 | Research | Feudal Age |
| 11:36 | Build | House |
| 11:37 | Build | House |
| 13:10 | Build | Barracks |
| 13:17 | Age | Feudal Age |
| 13:22 | Research | Double-Bit Axe |
| 13:36 | Build | Watch Tower |
| 13:41 | Research | Wheelbarrow |
| 13:42 | Research | Town Watch |
| 14:34 | Build | Mining Camp |
| 15:10 | Create | Villager (Male) |
| 15:10 | Create | Villager (Male) |
| 15:10 | Create | Villager (Male) |
| 15:47 | Build | Archery Range |
| 16:21 | Research | Gold Mining |
| 17:05 | Create | Archer |
| 17:06 | Create | Archer |
| 17:16 | Build | Farm |
| 17:30 | Build | Blacksmith |
| 17:35 | Create | Villager (Male) |
| 17:35 | Create | Villager (Male) |
| 17:35 | Create | Villager (Male) |
| 17:35 | Create | Villager (Male) |
| 17:41 | Build | Farm |
| 17:42 | Build | Farm |
| 17:56 | Research | Horse Collar |
| 17:59 | Create | Archer |
| 18:10 | Build | Farm |
| 18:32 | Build | Farm |
| 18:55 | Build | Farm |
| 19:07 | Research | Fletching |
| 19:24 | Build | House |
| 19:25 | Build | House |
| 19:29 | Create | Villager (Male) |
| 19:30 | Create | Villager (Male) |
| 19:30 | Create | Villager (Male) |
| 19:50 | Create | Archer |
| 19:56 | Create | Villager (Male) |
| 19:56 | Create | Villager (Male) |
| 20:01 | Build | Farm |
| 20:07 | Build | Farm |
| 20:18 | Build | Market |
| 20:25 | Build | Farm |
| 20:45 | Build | Farm |
| 20:51 | Build | Farm |
| 21:00 | Build | Farm |
| 21:01 | Build | Farm |
| 21:14 | Create | Archer |
| 21:34 | Build | Farm |
| 21:36 | Create | Villager (Male) |
| 21:37 | Create | Villager (Male) |
| 21:46 | Build | Mining Camp |
| 22:13 | Build | Farm |
| 22:35 | Build | Stone Wall |
| 22:46 | Build | Stone Wall |
| 22:57 | Build | Gate |
| 23:12 | Research | Castle Age |
| 24:24 | Research | Stone Mining |
| 24:39 | Build | Farm |
| 25:01 | Build | House |
| 25:03 | Build | House |
| 25:03 | Build | House |
| 25:05 | Build | House |
| 25:12 | Create | Spearman |
| 25:13 | Create | Spearman |
| 25:13 | Create | Spearman |
| 25:38 | Build | Stable |
| 25:52 | Age | Castle Age |
| 25:55 | Build | Town Center |
| 26:01 | Research | Bow Saw |
| 26:06 | Research | Heavy Plow |
| 26:09 | Research | Hand Cart |
| 26:16 | Research | Crossbowman (upgrade) |
| 26:44 | Create | Scout Cavalry |
| 26:44 | Create | Scout Cavalry |
| 26:45 | Create | Scout Cavalry |
| 26:45 | Create | Scout Cavalry |
| 27:11 | Build | Town Center |
| 27:46 | Create | Villager (Male) |
| 27:46 | Create | Villager (Male) |
| 27:46 | Create | Villager (Male) |
| 27:46 | Create | Villager (Male) |
| 27:47 | Create | Villager (Male) |
| 27:47 | Create | Villager (Male) |
| 28:04 | Create | Archer |
| 28:04 | Create | Archer |
| 28:04 | Create | Archer |
| 28:04 | Create | Archer |
| 28:05 | Create | Archer |
| 28:22 | Create | Villager (Male) |
| 28:22 | Create | Villager (Male) |
| 28:22 | Create | Villager (Male) |
| 28:23 | Create | Villager (Male) |
| 28:49 | Research | Light Cavalry (upgrade) |
| 28:55 | Create | Villager (Male) |
| 28:56 | Create | Villager (Male) |
| 28:56 | Create | Villager (Male) |
| 28:56 | Create | Villager (Male) |
| 28:56 | Create | Villager (Male) |
| 28:56 | Create | Villager (Male) |
| 29:50 | Create | Scout Cavalry |
| 29:50 | Create | Scout Cavalry |
| 29:51 | Create | Scout Cavalry |
| 29:56 | Create | Villager (Male) |
| 29:56 | Create | Villager (Male) |
| 29:56 | Create | Villager (Male) |
| 29:57 | Create | Villager (Male) |
| 30:04 | Build | Farm |
| 30:05 | Build | Farm |
| 30:08 | Build | Farm |
| 30:35 | Research | Bodkin Arrow |
| 30:39 | Build | Farm |
| 30:42 | Build | Farm |
| 30:46 | Create | Villager (Male) |
| 30:46 | Create | Villager (Male) |
| 30:46 | Create | Villager (Male) |
Build order — WinterVison
First 150 of 584 actions detected
| 0:02 | Create | Villager (Male) |
| 0:02 | Create | Villager (Male) |
| 0:02 | Create | Villager (Male) |
| 0:03 | Create | Villager (Male) |
| 0:05 | Build | House |
| 0:07 | Build | House |
| 1:04 | Research | Loom |
| 1:07 | Create | Villager (Male) |
| 1:38 | Create | Villager (Male) |
| 1:38 | Create | Villager (Male) |
| 2:19 | Build | Palisade Wall |
| 2:33 | Build | Lumber Camp |
| 2:35 | Create | Villager (Male) |
| 2:36 | Create | Villager (Male) |
| 2:36 | Create | Villager (Male) |
| 3:13 | Create | Villager (Male) |
| 4:12 | Create | Villager (Male) |
| 4:12 | Create | Villager (Male) |
| 4:23 | Build | House |
| 4:50 | Create | Villager (Male) |
| 5:23 | Build | Mill |
| 6:34 | Create | Villager (Male) |
| 6:35 | Create | Villager (Male) |
| 6:35 | Create | Villager (Male) |
| 6:35 | Create | Villager (Male) |
| 6:36 | Create | Villager (Male) |
| 6:36 | Create | Villager (Male) |
| 7:38 | Create | Villager (Male) |
| 7:38 | Create | Villager (Male) |
| 7:38 | Create | Villager (Male) |
| 8:07 | Build | House |
| 9:29 | Research | Feudal Age |
| 9:33 | Research | Feudal Age |
| 9:36 | Create | Villager (Male) |
| 10:38 | Create | Villager (Male) |
| 10:38 | Create | Villager (Male) |
| 10:40 | Create | Villager (Male) |
| 10:40 | Create | Villager (Male) |
| 10:44 | Build | House |
| 11:43 | Age | Feudal Age |
| 11:51 | Create | Villager (Male) |
| 11:51 | Create | Villager (Male) |
| 11:52 | Create | Villager (Male) |
| 11:57 | Research | Double-Bit Axe |
| 12:07 | Build | Mining Camp |
| 12:50 | Build | Farm |
| 12:51 | Build | Farm |
| 12:52 | Build | Farm |
| 12:52 | Build | Farm |
| 12:52 | Build | Farm |
| 12:52 | Build | Farm |
| 12:53 | Build | Farm |
| 12:53 | Build | Farm |
| 13:19 | Build | Blacksmith |
| 14:24 | Build | Market |
| 14:31 | Build | Farm |
| 14:32 | Build | Farm |
| 14:33 | Build | Farm |
| 14:33 | Build | Farm |
| 14:48 | Build | House |
| 14:50 | Build | House |
| 14:56 | Build | Farm |
| 14:57 | Build | Farm |
| 15:14 | Build | Farm |
| 15:28 | Create | Villager (Male) |
| 15:33 | Create | Villager (Male) |
| 15:43 | Build | Farm |
| 15:56 | Build | Farm |
| 16:12 | Build | Farm |
| 16:22 | Build | Farm |
| 16:51 | Create | Villager (Male) |
| 17:16 | Create | Villager (Male) |
| 17:42 | Research | Castle Age |
| 17:51 | Research | Horse Collar |
| 17:59 | Research | Gold Mining |
| 18:09 | Build | Mining Camp |
| 18:30 | Create | Villager (Male) |
| 18:31 | Create | Villager (Male) |
| 18:34 | Create | Villager (Male) |
| 18:36 | Create | Villager (Male) |
| 18:36 | Create | Villager (Male) |
| 19:57 | Create | Villager (Male) |
| 20:03 | Research | Stone Mining |
| 20:22 | Age | Castle Age |
| 20:36 | Build | Town Center |
| 20:51 | Create | Villager (Male) |
| 20:51 | Create | Villager (Male) |
| 20:52 | Create | Villager (Male) |
| 20:52 | Create | Villager (Male) |
| 21:05 | Build | Town Center |
| 21:52 | Build | House |
| 21:55 | Build | House |
| 21:57 | Build | House |
| 21:59 | Build | House |
| 22:00 | Build | House |
| 22:03 | Build | House |
| 22:06 | Build | House |
| 22:08 | Build | House |
| 22:14 | Create | Villager (Male) |
| 22:14 | Create | Villager (Male) |
| 22:14 | Create | Villager (Male) |
| 22:14 | Create | Villager (Male) |
| 22:15 | Create | Villager (Male) |
| 22:15 | Create | Villager (Male) |
| 22:15 | Create | Villager (Male) |
| 22:15 | Create | Villager (Male) |
| 22:30 | Create | Villager (Male) |
| 22:30 | Create | Villager (Male) |
| 22:30 | Create | Villager (Male) |
| 22:30 | Create | Villager (Male) |
| 22:31 | Create | Villager (Male) |
| 22:31 | Create | Villager (Male) |
| 22:31 | Create | Villager (Male) |
| 22:42 | Research | Gold Shaft Mining |
| 22:58 | Build | Farm |
| 22:58 | Build | Farm |
| 22:58 | Build | Farm |
| 22:59 | Build | Farm |
| 22:59 | Build | Farm |
| 23:00 | Build | Farm |
| 23:00 | Build | Farm |
| 23:01 | Build | Farm |
| 23:32 | Research | Heavy Plow |
| 23:40 | Create | Villager (Male) |
| 23:44 | Create | Villager (Male) |
| 24:43 | Build | Farm |
| 25:04 | Create | Villager (Male) |
| 25:05 | Create | Villager (Male) |
| 25:06 | Create | Villager (Male) |
| 25:08 | Create | Villager (Male) |
| 25:09 | Create | Villager (Male) |
| 25:10 | Create | Villager (Male) |
| 25:18 | Build | Farm |
| 26:18 | Create | Villager (Male) |
| 26:19 | Create | Villager (Male) |
| 26:21 | Create | Villager (Male) |
| 26:21 | Create | Villager (Male) |
| 26:21 | Create | Villager (Male) |
| 26:24 | Create | Villager (Male) |
| 26:24 | Create | Villager (Male) |
| 26:46 | Build | Stone Wall |
| 27:18 | Create | Villager (Male) |
| 27:21 | Create | Villager (Male) |
| 27:25 | Build | Farm |
| 27:25 | Build | Farm |
| 27:25 | Build | Farm |
| 27:25 | Build | Farm |
| 27:26 | Build | Farm |
| 27:26 | Build | Farm |
| 27:32 | Build | Farm |
Build order — Nalim99892613
First 150 of 302 actions detected
| 0:15 | Build | Palisade Wall |
| 0:51 | Build | House |
| 0:56 | Build | House |
| 1:01 | Research | Loom |
| 1:01 | Create | Villager (Male) |
| 1:02 | Create | Villager (Male) |
| 1:02 | Create | Villager (Male) |
| 1:03 | Create | Villager (Male) |
| 2:17 | Build | Mill |
| 2:31 | Build | House |
| 3:35 | Create | Villager (Male) |
| 4:53 | Create | Villager (Male) |
| 4:54 | Create | Villager (Male) |
| 5:27 | Create | Villager (Male) |
| 5:28 | Create | Villager (Male) |
| 6:56 | Create | Villager (Male) |
| 6:56 | Create | Villager (Male) |
| 8:28 | Create | Villager (Male) |
| 8:28 | Create | Villager (Male) |
| 8:46 | Build | Lumber Camp |
| 9:12 | Create | Villager (Male) |
| 9:12 | Create | Villager (Male) |
| 9:53 | Research | Feudal Age |
| 12:08 | Build | Mining Camp |
| 12:18 | Age | Feudal Age |
| 12:21 | Build | Mining Camp |
| 12:26 | Create | Villager (Male) |
| 12:27 | Create | Villager (Male) |
| 13:02 | Build | House |
| 13:41 | Build | House |
| 14:09 | Create | Villager (Male) |
| 14:09 | Create | Villager (Male) |
| 15:11 | Create | Villager (Male) |
| 15:11 | Create | Villager (Male) |
| 15:51 | Build | Stone Wall |
| 16:07 | Build | Gate |
| 16:23 | Create | Villager (Male) |
| 16:23 | Create | Villager (Male) |
| 17:09 | Build | Barracks |
| 17:37 | Create | Villager (Male) |
| 17:38 | Create | Villager (Male) |
| 18:17 | Build | Farm |
| 18:24 | Build | Farm |
| 19:01 | Build | Archery Range |
| 19:07 | Create | Villager (Male) |
| 19:07 | Create | Villager (Male) |
| 19:22 | Build | Farm |
| 19:44 | Build | House |
| 19:49 | Build | House |
| 20:08 | Build | Stable |
| 20:23 | Create | Villager (Male) |
| 20:24 | Create | Villager (Male) |
| 20:36 | Build | Farm |
| 20:43 | Build | Farm |
| 21:18 | Build | Blacksmith |
| 21:53 | Build | Stone Wall |
| 22:02 | Build | Gate |
| 22:48 | Build | Market |
| 23:07 | Create | Archer |
| 23:07 | Create | Archer |
| 23:07 | Create | Archer |
| 23:08 | Create | Archer |
| 23:08 | Create | Archer |
| 23:26 | Build | Watch Tower |
| 24:44 | Build | House |
| 25:12 | Research | Castle Age |
| 25:27 | Build | House |
| 25:50 | Build | House |
| 25:57 | Create | Villager (Male) |
| 25:57 | Create | Villager (Male) |
| 26:46 | Build | Farm |
| 26:56 | Build | Farm |
| 27:04 | Build | Farm |
| 27:13 | Build | Farm |
| 27:20 | Build | Farm |
| 27:26 | Build | Farm |
| 27:39 | Build | House |
| 27:46 | Research | Double-Bit Axe |
| 27:51 | Research | Horse Collar |
| 27:52 | Age | Castle Age |
| 28:27 | Build | Town Center |
| 28:33 | Create | Trade Cart |
| 28:34 | Create | Trade Cart |
| 28:35 | Research | Caravan |
| 28:46 | Create | Villager (Male) |
| 28:47 | Create | Villager (Male) |
| 28:47 | Create | Villager (Male) |
| 29:01 | Build | Farm |
| 29:31 | Create | Villager (Male) |
| 29:31 | Create | Villager (Male) |
| 29:47 | Build | University |
| 29:57 | Research | Wheelbarrow |
| 30:06 | Create | Archer |
| 30:06 | Create | Archer |
| 30:07 | Create | Archer |
| 30:27 | Build | Castle |
| 30:41 | Create | Villager (Male) |
| 31:03 | Build | Monastery |
| 31:06 | Research | Fortified Wall (upgrade) |
| 31:37 | Research | Wheelbarrow |
| 31:37 | Create | Villager (Male) |
| 31:38 | Create | Villager (Male) |
| 31:58 | Build | Farm |
| 32:05 | Build | Farm |
| 32:49 | Build | Town Center |
| 33:11 | Build | Archery Range |
| 33:33 | Research | Atonement |
| 33:58 | Create | Villager (Male) |
| 33:58 | Create | Villager (Male) |
| 33:59 | Research | Imperial Age |
| 34:18 | Create | Monk |
| 34:43 | Build | Farm |
| 34:55 | Build | Farm |
| 35:33 | Build | Barracks |
| 35:45 | Research | Murder Holes |
| 36:06 | Create | Archer |
| 36:06 | Create | Archer |
| 36:06 | Create | Archer |
| 36:06 | Create | Archer |
| 36:07 | Create | Archer |
| 36:07 | Research | Crossbowman (upgrade) |
| 36:08 | Research | Thumb Ring |
| 36:33 | Build | Siege Workshop |
| 36:42 | Create | Villager (Male) |
| 36:43 | Create | Villager (Male) |
| 36:43 | Create | Villager (Male) |
| 36:44 | Create | Villager (Male) |
| 36:50 | Create | Villager (Male) |
| 37:28 | Build | Farm |
| 37:58 | Age | Imperial Age |
| 38:10 | Build | Farm |
| 38:15 | Create | Trebuchet (Packed) |
| 38:16 | Create | Trebuchet (Packed) |
| 38:46 | Create | Villager (Male) |
| 38:47 | Create | Villager (Male) |
| 38:48 | Research | Hand Cart |
| 38:56 | Create | Villager (Male) |
| 38:56 | Create | Villager (Male) |
| 39:27 | Create | Villager (Male) |
| 39:28 | Create | Villager (Male) |
| 39:34 | Create | Villager (Male) |
| 39:34 | Create | Villager (Male) |
| 39:35 | Create | Villager (Male) |
| 39:57 | Research | Chemistry |
| 40:17 | Create | Villager (Male) |
| 40:18 | Create | Villager (Male) |
| 40:18 | Create | Villager (Male) |
| 40:18 | Create | Villager (Male) |
| 40:43 | Build | Mining Camp |
| 40:47 | Create | Villager (Male) |
Build order — DAMN
First 150 of 309 actions detected
| 0:07 | Create | Villager (Male) ×4 |
| 0:10 | Build | House |
| 0:13 | Build | House |
| 0:23 | Research | Loom |
| 0:27 | Create | Villager (Male) ×3 |
| 1:37 | Build | Palisade Wall |
| 1:45 | Build | Palisade Gate |
| 1:51 | Build | Palisade Wall |
| 1:53 | Build | Palisade Wall |
| 2:16 | Create | Villager (Male) |
| 3:03 | Create | Villager (Male) |
| 3:46 | Build | Palisade Wall |
| 3:52 | Build | Palisade Gate |
| 3:57 | Build | Palisade Wall |
| 3:58 | Build | Palisade Wall |
| 4:09 | Build | Palisade Wall |
| 4:19 | Build | Palisade Gate |
| 4:26 | Build | Palisade Wall |
| 4:37 | Create | Villager (Male) ×2 |
| 5:16 | Create | Villager (Male) |
| 5:49 | Create | Villager (Male) ×2 |
| 5:57 | Build | House |
| 6:07 | Build | Lumber Camp |
| 7:45 | Create | Villager (Male) ×2 |
| 8:22 | Build | House |
| 8:28 | Build | Mill |
| 9:04 | Create | Villager (Male) ×2 |
| 10:12 | Create | Villager (Male) |
| 10:54 | Create | Villager (Male) |
| 10:54 | Create | Villager (Male) |
| 10:54 | Create | Villager (Male) |
| 11:29 | Build | House |
| 12:43 | Research | Feudal Age |
| 14:53 | Create | Villager (Male) |
| 14:53 | Create | Villager (Male) |
| 14:53 | Age | Feudal Age |
| 15:15 | Build | Farm |
| 15:17 | Build | Farm |
| 15:19 | Build | Farm |
| 15:24 | Build | Farm |
| 15:26 | Build | Farm |
| 15:27 | Build | Farm |
| 15:29 | Build | Farm |
| 15:30 | Build | Farm |
| 15:40 | Build | Gate |
| 16:09 | Build | Stone Wall |
| 16:21 | Build | Gate |
| 16:31 | Build | Stone Wall |
| 16:44 | Create | Villager (Male) |
| 16:44 | Create | Villager (Male) |
| 16:45 | Create | Villager (Male) |
| 16:47 | Create | Villager (Male) |
| 16:54 | Research | Double-Bit Axe |
| 17:03 | Build | Stone Wall |
| 17:10 | Build | Gate |
| 17:18 | Build | Stone Wall |
| 17:37 | Build | House |
| 17:44 | Research | Horse Collar |
| 17:55 | Build | Blacksmith |
| 18:01 | Build | Mining Camp |
| 18:16 | Build | Market |
| 18:42 | Build | Barracks |
| 19:56 | Build | Farm |
| 19:59 | Build | Farm |
| 20:00 | Build | Farm |
| 20:02 | Build | Farm |
| 20:27 | Research | Castle Age |
| 20:51 | Create | Militia |
| 20:56 | Research | Gold Mining |
| 21:53 | Build | Stone Wall |
| 22:08 | Build | Gate |
| 22:13 | Build | Stone Wall |
| 22:18 | Build | Stone Wall |
| 22:46 | Create | Militia |
| 22:46 | Create | Militia |
| 22:46 | Create | Militia |
| 22:46 | Create | Militia |
| 23:03 | Research | Forging |
| 23:04 | Research | Scale Mail Armor |
| 23:07 | Age | Castle Age |
| 23:11 | Research | Bow Saw |
| 23:14 | Research | Heavy Plow |
| 23:36 | Build | Mining Camp |
| 23:57 | Build | House |
| 24:21 | Build | Town Center |
| 24:49 | Create | Villager (Male) ×5 |
| 25:07 | Research | Stone Mining |
| 25:37 | Research | Man-at-Arms (upgrade) |
| 25:38 | Research | Gambesons |
| 25:40 | Research | Arson |
| 26:59 | Create | Villager (Male) ×5 |
| 28:03 | Build | Farm |
| 28:12 | Create | Villager (Male) ×5 |
| 28:25 | Build | Farm |
| 29:06 | Research | Long Swordsman (upgrade) |
| 29:08 | Research | Squires |
| 29:19 | Build | Barracks |
| 29:31 | Create | Villager (Male) ×4 |
| 29:39 | Build | House |
| 29:41 | Build | House |
| 30:22 | Create | Villager (Male) ×4 |
| 30:40 | Build | Town Center |
| 31:16 | Create | Militia ×4 |
| 31:25 | Build | Stone Wall |
| 31:30 | Build | Gate |
| 31:35 | Build | Stone Wall |
| 31:36 | Build | Stone Wall |
| 31:59 | Create | Villager (Male) ×4 |
| 32:08 | Build | House |
| 32:10 | Build | House |
| 32:11 | Build | House |
| 33:25 | Create | Villager (Male) ×5 |
| 33:34 | Create | Villager (Male) ×3 |
| 33:48 | Build | Farm |
| 33:50 | Build | Farm |
| 33:51 | Build | Farm |
| 33:53 | Build | Farm |
| 33:55 | Build | Farm |
| 33:56 | Build | Farm |
| 33:58 | Build | Farm |
| 33:59 | Build | Farm |
| 34:05 | Create | Villager (Male) ×3 |
| 34:17 | Build | Farm |
| 34:18 | Build | Farm |
| 34:21 | Build | Farm |
| 34:23 | Build | Farm |
| 34:30 | Build | Farm |
| 34:32 | Build | Farm |
| 34:35 | Build | Farm |
| 34:42 | Create | Villager (Male) ×3 |
| 35:06 | Create | Militia ×2 |
| 35:36 | Build | House |
| 35:39 | Build | House |
| 35:46 | Build | House |
| 36:00 | Build | Farm |
| 36:22 | Build | University |
| 36:36 | Build | Castle |
| 36:58 | Build | Monastery |
| 37:07 | Create | Villager (Male) |
| 37:07 | Create | Villager (Male) |
| 37:08 | Create | Villager (Male) |
| 37:08 | Create | Villager (Male) |
| 37:27 | Research | Wheelbarrow |
| 37:28 | Research | Town Watch |
| 37:49 | Research | Imperial Age |
| 38:02 | Build | Lumber Camp |
| 38:08 | Create | Villager (Male) ×5 |
| 38:09 | Create | Villager (Male) ×5 |
| 38:25 | Build | Barracks |
| 38:26 | Build | Barracks |
Match timeline
| 0:15 | Nalim99892613 · wall_segment Palisade Wall x7 |
| 0:59 | JulesMan1706 · wall_segment Palisade Wall x15 |
| 1:37 | DAMN · wall_segment Palisade Wall x1 |
| 1:51 | DAMN · wall_segment Palisade Wall x1 |
| 1:53 | DAMN · wall_segment Palisade Wall x1 |
| 2:19 | WinterVison · wall_segment Palisade Wall x10 |
| 2:28 | JulesMan1706 · wall_segment Palisade Wall x16 |
| 3:46 | DAMN · wall_segment Palisade Wall x1 |
| 3:57 | DAMN · wall_segment Palisade Wall x1 |
| 3:58 | DAMN · wall_segment Palisade Wall x1 |
| 4:09 | DAMN · wall_segment Palisade Wall x1 |
| 4:26 | DAMN · wall_segment Palisade Wall x1 |
| 5:39 | JulesMan1706 · wall_segment Palisade Wall x1 |
| 9:49 | JulesMan1706 · wall_segment Palisade Wall x15 |
| 10:05 | JulesMan1706 · wall_segment Palisade Wall x15 |
| 11:43 | WinterVison · age_up feudal |
| 12:18 | Nalim99892613 · age_up feudal |
| 13:10 | JulesMan1706 · first_building Barracks |
| 13:17 | JulesMan1706 · age_up feudal |
| 14:53 | DAMN · age_up feudal |
| 15:47 | JulesMan1706 · first_building Archery Range |
| 15:51 | Nalim99892613 · wall_segment Stone Wall x9 |
| 16:09 | DAMN · wall_segment Stone Wall x3 |
| 16:31 | DAMN · wall_segment Stone Wall x1 |
| 17:03 | DAMN · wall_segment Stone Wall x1 |
| 17:09 | Nalim99892613 · first_building Barracks |
| 17:18 | DAMN · wall_segment Stone Wall x5 |
| 18:42 | DAMN · first_building Barracks |
| 19:01 | Nalim99892613 · first_building Archery Range |
| 20:08 | Nalim99892613 · first_building Stable |
| 20:22 | DAMN · first_market_sell 100 wood |
| 20:22 | WinterVison · age_up castle |
| 21:53 | DAMN · wall_segment Stone Wall x1 |
| 21:53 | Nalim99892613 · wall_segment Stone Wall x13 |
| 22:13 | DAMN · wall_segment Stone Wall x1 |
| 22:18 | DAMN · wall_segment Stone Wall x4 |
| 22:35 | JulesMan1706 · wall_segment Stone Wall x3 |
| 22:46 | JulesMan1706 · wall_segment Stone Wall x16 |
| 23:07 | DAMN · age_up castle |
| 23:48 | DAMN · first_market_buy 100 stone |
| 25:38 | JulesMan1706 · first_building Stable |
| 25:52 | JulesMan1706 · age_up castle |
| 26:46 | WinterVison · wall_segment Stone Wall x9 |
| 27:52 | Nalim99892613 · age_up castle |
| 28:43 | WinterVison · first_building Siege Workshop |
| 29:33 | WinterVison · first_building Monastery |
| 30:27 | Nalim99892613 · first_building Castle |
| 31:03 | Nalim99892613 · first_building Monastery |
| 31:25 | DAMN · wall_segment Stone Wall x1 |
| 31:33 | JulesMan1706 · wall_segment Stone Wall x18 |
| 31:35 | DAMN · wall_segment Stone Wall x1 |
| 31:36 | DAMN · wall_segment Stone Wall x1 |
| 31:56 | JulesMan1706 · first_building Siege Workshop |
| 31:59 | WinterVison · first_building Barracks |
| 32:48 | WinterVison · first_building Castle |
| 33:18 | JulesMan1706 · first_building Castle |
| 34:02 | JulesMan1706 · wall_segment Stone Wall x16 |
| 34:30 | WinterVison · age_up imperial |
| 35:09 | WinterVison · wall_segment Stone Wall x1 |
| 35:37 | JulesMan1706 · first_building Monastery |
| 36:04 | WinterVison · first_building Archery Range |
| 36:33 | Nalim99892613 · first_building Siege Workshop |
| 36:36 | DAMN · first_building Castle |
| 36:58 | DAMN · first_building Monastery |
| 37:58 | Nalim99892613 · age_up imperial |
| 40:14 | DAMN · first_building Archery Range |
| 41:07 | DAMN · age_up imperial |
| 42:55 | JulesMan1706 · wall_segment Stone Wall x13 |
| 43:35 | JulesMan1706 · age_up imperial |
| 45:09 | DAMN · first_building Siege Workshop |
| 46:56 | Nalim99892613 · wall_segment Stone Wall x9 |
| 52:19 | JulesMan1706 · wall_segment Stone Wall x24 |
| 52:44 | DAMN · first_building Stable |
| 57:42 | DAMN · first_building Dock |
| 58:02 | Nalim99892613 · resign |
[ AI ANALYSIS · 1 CREDIT ]
What really happened in this match?
Wolo.gg analyzes every decision: build order, eco, micro, common mistakes by bracket. Personalized analysis on WhatsApp or Discord in 30 seconds.
Civ guide
Chinese
Map guide
Black Forest
Perfil
Jugador #15738521